 Dungeon Crawl Stone Soup version 0.23-a0-171-g5ae17c6 (webtiles) character file.

31 glosham the Ruffian (level 3, -1/36 HPs)
             Began as a Troll Abyssal Knight on Sept 13, 2018.
             Was a Follower of Lugonu.
             Slain by a raiju (9 damage)
             ... on level 1 of the Abyss.
             The game lasted 00:01:37 (73 turns).

glosham the Ruffian (Troll Abyssal Knight)            Turns: 73, Time: 00:01:38

Health: -1/36      AC:  5    Str: 20    XL:     3   Next: 7%
Magic:  3/3        EV: 10    Int:  8    God:    Lugonu [*.....]
Gold:   0          SH:  0    Dex: 10    Spells: 2/2 levels left

rFire    . . .     SeeInvis .     - Unarmed
rCold    . . .     Gourm    +   (no shield)
rNeg     . . .     Faith    .   a - +0 robe
rPois    .         Spirit   .   (helmet restricted)
rElec    .         Reflect  .   (no cloak)
rCorr    .         Harm     .   (gloves unavailable)
MR       .....                  (boots unavailable)
Stlth    +.........             (no amulet)
HPRegen  0.52/turn              (no ring)
MPRegen  0.08/turn              (no ring)

@: no status effects
A: large, unfitting armour, claws 3, fast metabolism 3, gourmand, regeneration
1, shaggy fur 1, tough skin 2
a: Depart the Abyss, Renounce Religion


You were on level 1 of the Abyss.
You worshipped Lugonu.
Lugonu was aware of your devotion.
You were not hungry.

You visited 0 branches of the dungeon, and saw 0 of its levels.
You visited the Abyss 1 time.

Inventory:

Armour
 a - a +0 robe (worn)
Scrolls
 c - a scroll of identify {unknown}
Comestibles
 b - 2 rations


   Skills:
 - Level 2.4 Fighting
 - Level 1.9 Dodging
 * Level 3.6 Unarmed Combat
 - Level 1.5 Invocations


You had 2 spell levels left.
You didn't know any spells.
Your spell library was empty.

Dungeon Overview and Level Annotations

Branches:
Dungeon (0/15)

Altars:


Innate Abilities, Weirdness & Mutations

You are too large for most types of armour.
You have claws for hands.
Your metabolism is lightning-fast.
You like to eat raw meat.
Your natural rate of healing is unusually fast.
You are covered in fur. (AC +1)
You have very tough skin. (AC +2)


Message History

Your Unarmed Combat skill increases to level 3!
You have reached level 2!
You have reached level 3!
Your experience leads to an increase in your attributes!
Increase (S)trength, (I)ntelligence, or (D)exterity?
You feel agile.
You feel stronger.
The substance of the Abyss twists violently, and a gateway leading out appears!
A raiju comes into view.
The raiju barks!
You hear a chilling moan.
The raiju bursts into living lightning!
The living lightning hits you!
The raiju blinks! x2
You barely miss the raiju.
The raiju stops to sniff the ground.
The raiju barely misses you.
You closely miss the raiju. Your claw misses the raiju. The raiju misses you.
You scratch the raiju.
The raiju is lightly wounded.
The raiju bites you but does no damage.
You barely miss the raiju.
The raiju is lightly wounded.
The raiju bites you. The raiju shocks you!
You closely miss the raiju.
The raiju is lightly wounded.
The raiju bites you. The raiju shocks you!
* * * LOW HITPOINT WARNING * * *
An eidolon comes into view.
You closely miss the raiju.
The raiju is lightly wounded.
The raiju closely misses you.
The eidolon gestures.
The eidolon radiates an aura of fear!
You are terrified of the eidolon!
You miss the raiju.
The raiju is lightly wounded.
The raiju barely misses you.
You are no longer terrified.
You barely miss the raiju.
The raiju is lightly wounded.
The raiju bites you!
You die...

..# .. #.#
#. ... .#
#.... #
##.#. #.
#...
#.##..#####
#..##@h...#
#.∩...#.#...
#.##.#..#
##.#..#.# ##
##...#. #. .
#... #
#.#..#. .#
#.##. . ..#
# #..###.##


You could see a raiju.

Vanquished Creatures
  A quasit (Abyss:1)
1 creature vanquished.

Notes
Turn   | Place    | Note
-------+----------+-------------------------------------------
     0 | Abyss:1  | glosham the Troll Abyssal Knight began the quest for the
                  | Orb.
     0 | Abyss:1  | Reached XP level 1. HP: 22/22 MP: 1/1
    54 | Abyss:1  | Noticed a quasit
    63 | Abyss:1  | Killed a quasit
    63 | Abyss:1  | Reached skill level 3 in Unarmed Combat
    63 | Abyss:1  | Reached XP level 2. HP: 26/29 MP: 2/2
    63 | Abyss:1  | Reached XP level 3. HP: 33/36 MP: 3/3
    65 | Abyss:1  | Noticed a raiju
    70 | Abyss:1  | Noticed an eidolon
    73 | Abyss:1  | Slain by a raiju

Vault maps used:

Skill      XL: |  1 |
---------------+----+-----
Unarmed Combat | 3 |  3.6
Fighting       | |  2.4
Dodging        | |  1.9
Invocations    | |  1.5

Action                   || total
-------------------------++-------
Melee: Unarmed           ||    16
Armor: Robe              ||    11
Dodge: Dodged            ||    18

Table legend:
 A = Non-vault XP
 B = Vault XP
 C = Vault XP percentage of total XP
 D = Non-vault monster count
 E = Vault monster count
 F = Vault count percentage of total count
                 A         B        C        D         E       F
            +---------+---------+-------+---------+---------+-------
      Total |      45 |       0 |   0.0 |       1 |       0 |   0.0
            +---------+---------+-------+---------+---------+-------
    Abyss:1 |      45 |       0 |   0.0 |       1 |       0 |   0.0
            +---------+---------+-------+---------+---------+-------

Table legend:
 A = Turns spent in this place as a percentage of turns spent in the entire game.
 B = Non-inter-level travel turns spent in this place as a percentage of non-inter-level travel turns spent in the entire game.
 C = Inter-level travel turns spent in this place as a percentage of turns spent in this place.
 D = Turns resting spent in this place as a percentage of non-inter-level travel turns spent in this place.
 E = Turns spent auto-exploring this place as a percentage of non-inter-level travel turns spent in this place.
 F = Non-inter-level travel turns spent in this place divided by the number of levels of this place that you've seen.
                   A       B       C       D       E      F
               +-------+-------+-------+-------+-------+----------------------
         Total | 100.0 | 100.0 |   0.0 |   0.0 |   0.0 |  73.0
         Abyss | 100.0 | 100.0 |   0.0 |   0.0 |   0.0 |  73.0
               +-------+-------+-------+-------+-------+----------------------

Table legend:
 A = Kills in this place as a percentage of kills in entire the game.
 B = Kills by you in this place as a percentage of kills by you in the entire game.
 C = Kills by friends in this place as a percentage of kills by friends in the entire game.
 D = Other kills in this place as a percentage of other kills in the entire game.
 E = Experience gained in this place as a percentage of experience gained in the entire game.
 F = Experience gained in this place divided by the number of levels of this place that you have seen.
                   A       B       C       D       E      F
               +-------+-------+-------+-------+-------+----------------------
         Total | 100.0 | 100.0 |   N/A |   N/A | 100.0 |  45.0
         Abyss | 100.0 | 100.0 |   N/A |   N/A | 100.0 |  45.0
               +-------+-------+-------+-------+-------+----------------------

Vault maps used:
